 Dungeon Crawl Stone Soup version 0.21.1-1-g345015f (webtiles) character file.

347 shakethe the Insei (level 6, -11/41 HPs)
             Began as an Octopode Transmuter on Feb 8, 2018.
             Was a Follower of Cheibriados.
             Mangled by an ice beast (14 damage)
             ... on level 4 of the Dungeon.
             The game lasted 00:18:25 (4044 turns).

shakethe the Insei (Octopode Transmuter)            Turns: 4044, Time: 00:18:26

Health: -11/41     AC:  2    Str: 12    XL:     6   Next: 59%
Magic:  7/10       EV: 21    Int: 20    God:    Cheibriados [*.....]
Gold:   124        SH:  0    Dex: 21    Spells: 5/11 levels left

rFire    + . .     SeeInvis .     - Unarmed
rCold    . . .     Gourm    .   (shield currently unavailable)
rNeg     . . .     Faith    .   (helmet currently unavailable)
rPois    x         Spirit   .   (no amulet)
rElec    .         Reflect  .   j - ring of protection from fire
rCorr    .         Harm     .   p - +3 ring of intelligence
MR       .....                  (no ring)
Stlth    +++.......             (no ring)
HPRegen  0.13/turn              (no ring)
MPRegen  0.12/turn              (no ring)
                                (no ring)
                                (no ring)

@: spider-form (expiring), very slow
A: tiny, almost no armour, stealthy swim, (amphibious), 8 rings, (constrict 8)
a: End Transformation, Bend Time, Renounce Religion


You were on level 4 of the Dungeon.
You worshipped Cheibriados.
Cheibriados was aware of your devotion.
You were not hungry.
You were a venomous arachnid creature.
You visited 1 branch of the dungeon, and saw 4 of its levels.

You collected 124 gold pieces.

Inventory:

Missiles
 a - 11 arrows
Armour
 v - a +0 buckler
Jewellery
 j - a ring of protection from fire (left front leg)
 p - a +3 ring of intelligence (right front leg)
 r - an uncursed ring of ice {unknown}
Wands
 o - a wand of flame (24)
 q - a wand of polymorph (14)
Scrolls
 f - 2 scrolls of enchant armour {unknown}
 h - a scroll of magic mapping {unknown}
 i - 2 scrolls of teleportation
 m - 3 scrolls of remove curse {unknown}
 n - a scroll of enchant weapon {unknown}
 s - a scroll of fog {unknown}
 t - a scroll of amnesia {unknown}
Potions
 d - a potion of cancellation
 e - 3 potions of haste
 g - 3 potions of brilliance
 k - a potion of might {unknown}
 l - a potion of lignification
Books
 b - a book of Changes

   Spells                             Type                      Level
   a - Beastly Appendage              Transmutation                1
   b - Sticks to Snakes               Transmutation                2
   c - Spider Form                    Transmutation/Poison         3
   d - Ice Form                       Ice/Transmutation            4
   e - Blade Hands                    Transmutation                5
Comestibles
 c - 5 rations


   Skills:
 + Level 2.6 Fighting
 + Level 3.1 Dodging
 + Level 3.2 Stealth
 + Level 4.0 Unarmed Combat
 + Level 3.0 Spellcasting
 + Level 3.0 Transmutations
 + Level 0.9 Invocations
 + Level 0.9 Evocations


You had 5 spell levels left.
You knew the following spells:

 Your Spells              Type           Power        Failure   Level  Hunger
a - Beastly Appendage     Tmut           ###...       13%         1    None
b - Spider Form           Tmut/Pois      #.........   43%         3    ###....
c - Sticks to Snakes      Tmut           ###.....     17%         2    ##.....


Dungeon Overview and Level Annotations

Branches:
Dungeon (4/15)
 Temple: D:4-7

Altars:
Cheibriados
Yredelemnul

Annotations:
D:3 Grinder


Innate Abilities, Weirdness & Mutations

You cannot wear most types of armour.
You are very stealthy in the water. (Stealth+)
((You are amphibious.))
You can wear up to eight rings at the same time.
((You can use your tentacles to constrict eight enemies at once.))
((Your skin changes colour to match your surroundings (Stealth+).))
((Your rubbery body absorbs attacks. (AC +1, EV +1)))


Message History

Your adder closely misses the ice beast.
The ice beast misses you.
Your transformation is almost over.
Your adder bites the ice beast. x2
Your adder barely misses the ice beast.
Your adder bites the ice beast.
The ice beast completely misses you.
You barely miss the ice beast.
The ice beast is moderately wounded.
Your adder bites the ice beast but does no damage.
The ice beast misses you.
You hit the ice beast but do no damage.
The ice beast looks even sicker.
The ice beast is moderately wounded.
Your adder closely misses the ice beast.
The ice beast hits you. The ice beast freezes you!
* * * LOW HITPOINT WARNING * * *
Your adder barely misses the ice beast.
Your adder misses the ice beast. The ice beast hits you.
* * * LOW HITPOINT WARNING * * *
The ice beast freezes you!
You die...

#...)...### ##....#
#.........# ##....#
#.......#.######.....#
#.......#........#...##
..#########.####.......#
##. # .# #.####...# #
####. # #.# S..#
......######.# #....
.......sYS...#####....
..##....##.....<......
#................
#.<############.. ...#
#..# .... #..


You could see an ice beast and a friendly adder.

Vanquished Creatures
  Sigmund (D:2)
  2 orc wizards
  A worker ant (D:4)
  3 adders
  A worm (D:2)
  5 dart slugs
  2 leopard geckos
  6 orcs
  2 ball pythons
  6 bats
  5 giant cockroaches
  7 goblins
  8 hobgoblins
  A quokka (D:2)
  A frilled lizard (D:1)
  8 kobolds
  3 rats (D:1)
  A spectral orc (D:2)
63 creatures vanquished.

Notes
Turn   | Place    | Note
-------+----------+-------------------------------------------
     0 | D:1      | shakethe the Octopode Transmuter began the quest for the Orb.
     0 | D:1      | Reached XP level 1. HP: 13/13 MP: 3/3
    96 | D:1      | Reached XP level 2. HP: 8/18 MP: 3/5
   640 | D:1      | Reached skill level 1 in Stealth
   957 | D:1      | Reached XP level 3. HP: 22/23 MP: 4/6
  1133 | D:1      | Learned a level 3 spell: Spider Form
  1136 | D:1      | Learned a level 2 spell: Sticks to Snakes
  1965 | D:2      | Noticed Sigmund
  2100 | D:2      | Found a snail-covered altar of Cheibriados.
  2107 | D:2      | Became a worshipper of Cheibriados the Contemplative
  2291 | D:2      | Reached XP level 4. HP: 29/29 MP: 3/7
  2352 | D:2      | Killed Sigmund
  2352 | D:2      | Reached XP level 5. HP: 35/35 MP: 4/9
  2470 | D:2      | Found a basalt altar of Yredelemnul.
  2615 | D:3      | Reached XP level 6. HP: 41/41 MP: 8/10
  3032 | D:3      | Noticed Grinder
  3327 | D:3      | Paralysed by Grinder for 3 turns
  3488 | D:3      | Reached * piety under Cheibriados
  3785 | D:4      | Reached skill level 4 in Unarmed Combat
  4027 | D:4      | Noticed an ice beast
  4044 | D:4      | Mangled by an ice beast

Skill      XL: |  1  2  3  4  5  6 |
---------------+-------------------+-----
Stealth        | 1 2 3 |  3.2
Fighting       | 2 |  2.6
Dodging        | 3 |  3.1
Transmutations | 3 |  3.0
Spellcasting   | 3 |  3.0
Unarmed Combat | 4 |  4.0
Invocations    | |  0.9
Evocations     | |  0.9

Action                   |  1- 3 |  4- 6 || total
-------------------------+-------+-------++-------
Melee: Unarmed           |    92 |    74 ||   166
       Constrict         |    24 |    13 ||    37
       Kick              |    18 |     3 ||    21
       Tentacles         |     5 |     8 ||    13
       Punch             |       |     1 ||     1
 Cast: Beastly Appendage |    23 |     5 ||    28
       Spider Form       |     2 |     4 ||     6
       Sticks to Snakes  |       |     1 ||     1
Evoke: Wand              |       |     2 ||     2
  Use: Scroll            |       |     6 ||     6
 Stab: Sleeping          |     2 |     2 ||     4
  Eat: Chunk             |     5 |     6 ||    11
Armor: Skin              |     6 |     5 ||    11
Dodge: Dodged            |    74 |    55 ||   129
